AoeStats
← Kurzen

Four Lakes

509448251Analyzed
1v1 RM · 4d ago on Sep 26, 2026· 44m 33s· 2 players
Game mode
Random Map
Map size
Tiny (2 player)
Population
200
Speed
Normal
Resources
Standard
Victory
Conquest
Starting age
Dark Age
Ending age
Imperial Age
RankedLock teamsTeams togetherTeam positionsShared explorationLock speedFull tech treeHidden civsTurbo modeCheats
Victory
Defeat
🇫🇷 Varangians · France
1203
+15
🇩🇪 Celts · Germany
1192
-15
Afrobrook
8:08 Loom
10:10 Feudal Age
11:04 Man-at-Arms
16:41 Castle Age
17:18 Double-Bit Axe
18:15 Fishing Lines
26:58 Gillnets
27:24 Pikeman
35:27 Imperial Age
33:21 Scale Mail Armor
34:08 Bow Saw
36:00 Forging
36:05 Chain Mail Armor
36:03 Forging
35:35 Capped Ram
37:55 Cavalier
41:58 Scale Barding Armor
42:29 Iron Casting
Kurzen
11:03 Feudal Age
9:20 Loom
11:05 Feudal Age
12:19 Double-Bit Axe
19:28 Castle Age
17:59 Fletching
18:09 Padded Archer Armor
19:43 Bloodlines
19:41 Scale Barding Armor
19:40 Crossbowman
20:31 Bodkin Arrow
20:22 Crossbowman
21:05 Husbandry
22:02 Forging
22:13 Horse Collar
26:11 Chain Barding Armor
27:37 Wheelbarrow
28:44 Hand Cart
28:22 Stone Mining
29:58 Stone Shaft Mining
34:29 Imperial Age
32:14 Scale Mail Armor
32:42 Squires
33:42 Chain Mail Armor
34:11 Gold Mining
34:17 Gambesons
35:10 Iron Casting
35:20 Heavy Plow
36:45 Conscription
37:32 Elite Varangian Guard
38:59 Arson
39:55 Plate Mail Armor
42:16 Blast Furnace
41:35 Treadmill Crane
42:35 Light Cavalry
43:39 Masonry
Connection lost

Rejoining the realm…

Still unreachable

The connection could not be restored.

Session expired

The server has moved on; the page needs a fresh start.